 Dungeon Crawl Stone Soup version 0.28-b1-1-g3c77fb2ed1 (webtiles) character file.

Game seed: 16186460158692477111

458 cbfl8 the Sneak (level 6, -21/55 HPs)
             Began as a Minotaur Delver on Jan 28, 2022.
             Demolished by an ogre (26 damage)
             ... on level 4 of the Dungeon.
             The game lasted 00:13:05 (4551 turns).

cbfl8 the Sneak (Minotaur Delver)                   Turns: 4551, Time: 00:13:05

Health: -21/55     AC:  9    Str: 17 (19) XL:     6   Next: 77%
Magic:  5/5        EV:  7    Int:  5 (7)  God:
Gold:   233        SH:  0    Dex: 10 (11) Spells: 5/5 levels left

rFire   . . .      SeeInvis .   o - +5 short sword
rCold   . . .      Faith    .   (no shield)
rNeg    . . .      Spirit   .   i - +0 chain mail
rPois   .          Reflect  .   (helmet restricted)
rElec   .          Harm     .   (no cloak)
rCorr   .          Rampage  .   (no gloves)
Will    .....                   (no boots)
Stlth   ..........              (no amulet)
HPRegen 0.18/turn               (no ring)
MPRegen 0.09/turn               (no ring)

@: no status effects
A: horns 2, retaliatory headbutt
a: no special abilities


You were on level 4 of the Dungeon.
You visited 1 branch of the dungeon, and saw 5 of its levels.

You collected 233 gold pieces.

Inventory:

Hand Weapons
 a - a +0 hand axe
 o - a +5 short sword (weapon)
 p - a +2 dagger of holy wrath
 u - a +1 whip of pain
Armour
 b - a +0 leather armour
 i - a +0 chain mail (worn)
 q - a +0 helmet
Magical Staves
 l - a staff of poison
Wands
 g - a wand of digging (3)
 m - a wand of charming (9)
Scrolls
 c - 2 scrolls of fog
 e - 3 scrolls of fear
 k - a scroll of immolation
 n - 2 scrolls of noise
 r - a scroll of torment
 s - a scroll of magic mapping
 v - a scroll of enchant armour {unknown}
Potions
 d - a potion of mutation {unknown}
 f - a potion of haste
 h - a potion of might {unknown}
 j - 3 potions of ambrosia {unknown}


   Skills:
 + Level 4.9 Fighting
 + Level 2.7 Short Blades
 + Level 3.5 Axes
 + Level 4.3 Armour
 + Level 2.8 Dodging
 + Level 5.2 Stealth
 + Level 0.2 Evocations


You had 5 spell levels left.
You didn't know any spells.
Your spell library was empty.

Dungeon Overview and Level Annotations

Branches:
Dungeon (5/15)
 Temple: D:4-7

Altars:
Gozag
Sif Muna
Wu Jian

Shops:
D:2 [


Innate Abilities, Weirdness & Mutations

You have a pair of horns on your head.
You reflexively headbutt those who attack you in melee.


Message History

The orc hits you but does no damage. The orc hits you with a +0 falchion.
You hit the orc.
You kill the orc!
The orc hits you but does no damage. The orc hits you with a +0 falchion.
The orc hits you with a +0 falchion. The orc hits you but does no damage.
The orc hits you with a +0 falchion.
Things that are here:
a +0 short sword; an orc corpse; an iguana corpse The orc priest hits you but does no damage.
The orc barely misses you. You furiously retaliate!
You headbutt the orc!
You kill the orc!
You barely miss the orc. You headbutt the orc.
You kill the orc!
The orc hits you but does no damage.
The orc priest invokes the aid of Beogh against you.
Pain shoots through your body! The ogre hits you with a +0 giant club.
* * * LOW HITPOINT WARNING * * *
The orc barely misses you. You furiously retaliate!
You headbutt the orc, but do no damage.
Items here: )) ††.
The orc hits you but does no damage.
There is a stone staircase leading up, spattered with blood here.
The orc hits you with a +0 club.
* * * LOW HITPOINT WARNING * * *
The ogre barely misses you.
The orc priest mumbles some strange prayers to Beogh against you.
Pain shoots through your body!
* * * LOW HITPOINT WARNING * * *
You climb upwards.
There is a stone staircase leading down here.
It was a potion of degeneration.
There was something very wrong with that liquid.
You feel weakened.
You feel dopey.
You feel clumsy. The orc hits you with a +0 club.
* * * LOW HITPOINT WARNING * * *
The orc priest barely misses you. You furiously retaliate!
You headbutt the orc priest.
The ogre hits you with a +0 giant club!!
You die...

###.#####.# ....#####.#
########## ....##....#
#........# ....##.####
#........####
....##.######........'..#
....##......#.....)..##.#
....#######.#........##.#
###.#######.#..ooO...##.#
................@######.#
..#.######..###########.#
#.#.# #...........†..#
#.#.# #.##############
#.#.# #.# #<#.# #.# ###)#
#.# ##..# ###'#######
....# #)........#


You could see an ogre, an orc priest and an orc.

Vanquished Creatures
  An ogre (D:4)
  A centaur zombie (D:4)
  2 hounds
  Terence (D:2)
  An iguana (D:5)
  An orc wizard (D:3)
  3 hound skeletons
  A howler monkey skeleton (D:4)
  6 adders
  3 dart slugs
  13 orcs
  3 bats
  7 endoplasms
  2 giant cockroaches
  15 goblins
  4 hobgoblins
  A jackal (D:3)
  7 kobolds
  7 quokkas
  5 ball pythons
  3 frilled lizards
  3 rats
90 creatures vanquished.

Vanquished Creatures (collateral kills)
  A quokka (D:2)
1 creature vanquished.

Grand Total: 91 creatures vanquished

Notes
Turn   | Place    | Note
-------+----------+-------------------------------------------
     0 | D:5      | cbfl8 the Minotaur Delver began the quest for the Orb.
     0 | D:5      | Reached XP level 1. HP: 19/19 MP: 0/0
    16 | D:5      | Found an opulent altar of Gozag.
    69 | D:5      | Noticed an iguana
    94 | D:4      | Reached XP level 2. HP: 22/27 MP: 1/1
   184 | D:4      | Reached XP level 3. HP: 23/33 MP: 2/2
   186 | D:4      | Reached skill level 5 in Stealth
   188 | D:4      | Reached XP level 4. HP: 17/40 MP: 3/3
  1180 | D:1      | Found a faded altar of an unknown god.
  2000 | D:2      | Noticed Terence
  2021 | D:2      | Found Hicir's Antique Armour Emporium.
  2037 | D:2      | Killed Terence
  2038 | D:2      | Reached skill level 1 in Armour
  2038 | D:2      | Reached XP level 5. HP: 46/47 MP: 4/4
  3320 | D:3      | Found an ornate altar of the Wu Jian Council.
  3355 | D:3      | Reached skill level 1 in Short Blades
  3684 | D:3      | Reached XP level 6. HP: 46/53 MP: 5/5
  4314 | D:4      | Found a shimmering blue altar of Sif Muna.
  4551 | D:4      | Demolished by an ogre

Illustrated notes

Levels and vault maps discovered:
D:1:      minmay_arrival_diagonal_passages, layout_basic,
          basic_ecumenical_altar, minmay_misc_feat_alley, chequers_avenue
D:2:      layout_loops_cross, serial_shops, shop, grunt_ministairs_11,
          minmay_goblin_outpost, uniq_terence
D:3:      layout_loops_corners, mainiacjoe_overflow_alcove_4,
          gup_sewer_entry_bowl, minmay_misc_feat_tower, st_stairs_10,
          chequers_jeans, glass_columns_b
D:4:      layout_basic, nicolae_sif_muna_condensation,
          minmay_misc_feat_secret_circle
D:5:      layout_rooms, grunt_gozag_statues, kennysheep_slug_shrine,
          eat_drink_and_be_merry_uskayaw, minmay_temple_entry_proselytizer,
          minmay_fire_ice_demons, uniq_pikel

Skill      XL: |  1  2  3  4  5  6 |
---------------+-------------------+-----
Fighting       | 4 |  4.9
Stealth        | 5 |  5.2
Axes           | 3 |  3.5
Armour         | 1 3 4 |  4.3
Short Blades   | 1 2 |  2.7
Dodging        | |  2.8
Evocations     | |  0.2

Action                   |  1- 3 |  4- 6 || total
-------------------------+-------+-------++-------
Melee: Hand axe          |    17 |    22 ||    39
       Headbutt          |     2 |    41 ||    43
       Punch             |     1 |       ||     1
       Dagger            |       |   119 ||   119
       Short sword       |       |    87 ||    87
Evoke: Wand              |       |     2 ||     2
  Use: Scroll            |       |     6 ||     6
       Potion            |       |     4 ||     4
Armor: Chain mail        |    19 |   140 ||   159
Dodge: Dodged            |    16 |   104 ||   120
